 Dungeon Crawl Stone Soup version 0.30-b1-2-g02819fbbbe (webtiles) character file.

Game seed: 10306168629839792749

152 Mesmaeker13 the Conjurer (level 4, -1/37 HPs)
             Began as a Demigod Reaver on July 15, 2023.
             Succumbed to an orc wizard's poison
             ... on level 3 of the Dungeon.
             The game lasted 00:04:54 (2766 turns).

Mesmaeker13 the Conjurer (Demigod Reaver)           Turns: 2766, Time: 00:04:55

Health: -1/37      AC:  8    Str: 19    XL:     4   Next: 87%
Magic:  10/10      EV: 11    Int: 19    God:
Gold:   129        SH:  0    Dex: 12    Spells: 7/8 levels left

rFire   . . .        n - +0 mace
rCold   . . .        (no shield)
rNeg    . . .        o - +0 ring mail
rPois   .            e - +0 helmet
rElec   .            (no cloak)
rCorr   .            j - +0 pair of gloves
SInv    .            d - +0 pair of boots
Will    .....        (no amulet)
Stlth   +            k - +6 ring of strength
HPRegen 0.26/turn    (no ring)
MPRegen 0.12/turn

%: no passive effects
@: mighty, lethally poisoned (-1 -> -32)
A: high MP 1, forlorn, divine attributes
a: no special abilities


You were on level 3 of the Dungeon.
You visited 1 branch of the dungeon, and saw 3 of its levels.

You collected 129 gold pieces.

Inventory:

Hand Weapons
 n - a +0 mace (weapon)
Missiles
 c - 5 poisoned darts (quivered)
 g - 6 boomerangs
Armour
 d - a +0 pair of boots (worn)
 e - a +0 helmet (worn)
 j - a +0 pair of gloves (worn)
 o - a +0 ring mail (worn)
Jewellery
 k - a +6 ring of strength (left hand)
Wands
 i - a wand of digging (4)
Scrolls
 a - a scroll of fear {unknown}
 m - 2 scrolls of teleportation
 p - a scroll of poison {unknown}
 q - a scroll of noise {unknown}
 r - a scroll of blinking {unknown}
 s - a scroll of brand weapon {unknown}
Potions
 b - 2 potions of heal wounds {unknown}
 f - 2 potions of lignification {unknown}
 h - 2 potions of might


   Skills:
 + Level 2.6 Fighting
 - Level 2.6 Long Blades
 + Level 2.7 Dodging
 + Level 2.5 Spellcasting
 + Level 3.4 Conjurations
 + Level 1.4 Necromancy


You had 7 spell levels left.
You knew the following spells:

 Your Spells              Type           Power      Damage    Failure   Level
a - Kiss of Death         Conj/Necr      44%        2d8       11%         1

Your spell library contained the following spells:

 Spells                   Type           Power      Damage    Failure   Level
 Necrotise                Necr           28%        1d5       16%         1
 Momentum Strike          Conj/Tloc      18%        3d8       21%         2
 Blink                    Tloc           4%         N/A       38%         2
 Lesser Beckoning         Tloc           4%         N/A       38%         2
 Hailstorm                Conj/Ice       9%         3d4       38%         3
 Vampiric Draining        Necr           7%         2d6       43%         3
 Frozen Ramparts          Ice            4%         1d1       63%         3
 Ice Form                 Ice/Tmut       2%         N/A       95%         4
 Summon Ice Beast         Ice/Summ       2%         N/A       95%         4
 Agony                    Necr           7%         N/A       99%         5


Dungeon Overview and Level Annotations

Branches:
Dungeon (3/15)


Innate Abilities, Weirdness & Mutations

You have an increased reservoir of magic. (+10% MP)
You shall have no god before yourself.
Your divine heritage dramatically boosts your attributes as you level up.


Message History

You barely miss the orc wizard.
You feel very sick.
The orc wizard hits you but does no damage.
You are more poisoned.
You closely miss the orc wizard.
You feel very sick. The orc wizard casts a spell at you.
The magic dart hits you.
Okay, then.
You feel better.
The orc wizard gestures at you while chanting.
You are confused.
You hear a shout!
Unknown command.
You feel very mighty all of a sudden.
The orc wizard hits you but does no damage.
You are poisoned.
Unknown command.
The orc wizard attacks as you move away!
The orc wizard barely misses you.
You feel sick.
You sock the orc wizard!
The orc wizard is severely wounded.
You feel sick.
The orc wizard hits you with a +2 dagger of venom.
You are more poisoned.
The orc wizard completely misses you.
You bump into the rock wall.
You feel very sick.
The orc wizard hits you with a +2 dagger of venom.
You are lethally poisoned!
You bump into the rock wall.
You feel less confused.
* * * LOW HITPOINT WARNING * * *
You feel very sick.
The orc wizard hits you with a +2 dagger of venom.
* * * LOW HITPOINT WARNING * * *
You are more poisoned.
You barely miss the orc wizard.
The orc wizard is severely wounded.
You die...

###
#.###########
#ooo@.......#
#.########.##
#.# #.# #o#
#.# #.# #.#
##### # #o#
#.# #...# ..
#.# #.#
#...#... #.#
#.###...#...
#.# #
#...'.......


You could see an orc wizard and 2 orcs.

Vanquished Creatures
  Terence (D:2)
  3 gnolls (D:2)
  2 adders (D:2)
  4 dart slugs
  6 orcs (D:3)
  7 ball pythons
  3 bats
  An endoplasm (D:2)
  A giant cockroach (D:1)
  10 goblins
  2 hobgoblins (D:3)
  6 jackals
  5 quokkas
  7 frilled lizards
  4 kobolds
  3 rats
65 creatures vanquished.

Notes
Turn   | Place    | Note
-------+----------+-------------------------------------------
     0 | D:1      | Mesmaeker13 the Demigod Reaver began the quest for the Orb.
     0 | D:1      | Reached XP level 1. HP: 17/17 MP: 5/5
   395 | D:1      | Reached XP level 2. HP: 24/24 MP: 7/7
  1148 | D:2      | Reached skill level 3 in Conjurations
  1192 | D:2      | Noticed Terence
  1216 | D:2      | Killed Terence
  1217 | D:2      | Reached XP level 3. HP: 10/28 MP: 8/8
  1415 | D:2      | Reached skill level 1 in Necromancy
  1429 | D:2      | Reached XP level 4. HP: 36/37 MP: 10/10
  2766 | D:3      | Succumbed to an orc wizard's poison

Illustrated notes

Levels and vault maps discovered:
D:1:      kilobyte_arrival_exit_the_forest, layout_loops_corners,
          ebering_ecumenical_altar_hall, minmay_misc_feat_doors,
          chequers_serial_rivers_room_a, minmay_tetromino_l4
D:2:      layout_loops_ring, basic_altar, lightli_corner_chamber, uniq_terence
D:3:      layout_basic, elyvilon_altar_5, kennysheep_generic_room_2

Skill      XL: |  1  2  3 |
---------------+----------+-----
Fighting       | 2 |  2.6
Dodging        | 2 |  2.7
Spellcasting   | 2 |  2.5
Conjurations   | 3 |  3.4
Necromancy     | 1 |  1.4
Long Blades    | |  2.6

Action                     |  1- 3 |  4- 6 || total
---------------------------+-------+-------++-------
  Melee: Falchion          |    94 |       ||    94
         Mace              |    43 |   104 ||   147
  Throw: Dart              |     2 |    11 ||    13
   Cast: Kiss of Death     |     1 |       ||     1
    Use: Scroll            |       |     3 ||     3
         Potion            |       |     2 ||     2
 Armour: Leather armour    |    36 |       ||    36
         Ring mail         |    23 |    40 ||    63
         Skin              |     1 |       ||     1
  Dodge: Dodged            |   103 |    63 ||   166
